 Seeded DCSS version 0.29.1-15-g9cfb28693d (webtiles) character file.

Game seed: 15822848163574757677 (custom seed)

11473 kingofthe the Jinx (level 11, -10/52 (54) HPs)
             Began as a Deep Elf Conjurer on Mar 10, 2023.
             Was a Priest of Sif Muna.
             Mangled by a spectral orc knight
             ... wielding a +0 battleaxe
             ... summoned by Nergalle
              (24 damage)
             ... on level 10 of the Dungeon on Mar 11, 2023.
             The game lasted 00:48:39 (13423 turns).

kingofthe the Jinx (Deep Elf Conjurer)             Turns: 13423, Time: 00:48:39

HP:   -10/52 (54)   AC:  5    Str:  6    XL:     11   Next: 49%
MP:   20/35         EV: 19    Int: 26    God:    Sif Muna [***...]
Gold: 327           SH:  0    Dex: 15    Spells: 2/29 levels left

rFire   + . .      SeeInvis .   a - staff of conjuration {!a}
rCold   . . .      Faith    .   (no shield)
rNeg    . . .      Spirit   .   t - +0 robe
rPois   .          Reflect  .   B - +0 helmet
rElec   .          Harm     .   (no cloak)
rCorr   +          Rampage  .   h - +0 pair of gloves
Will    +....                   z - +0 pair of boots
Stlth   +++.......              (no amulet)
HPRegen 0.17/turn               M - ring of magical power
MPRegen 0.24/turn               m - ring of Propriety {rF+ rCorr EV+4 Str+2}

@: about to teleport, lightly drained
A: no striking features
a: Renounce Religion, Channel Magic, Forget Spell


You were on level 10 of the Dungeon.
You worshipped Sif Muna.
Sif Muna was most pleased with you.
You visited 3 branches of the dungeon, and saw 13 of its levels.

You collected 751 gold pieces.
You spent 424 gold pieces at shops.


   Skills:
 * Level 7.2 Dodging
 + Level 6.8 Stealth
 + Level 1.5 Shields
 + Level 9.5 Spellcasting
 + Level 9.0 Conjurations
 - Level 10.0 Hexes
 * Level 5.6 Fire Magic
 * Level 5.8 Ice Magic
 - Level 3.0 Air Magic
 - Level 5.0 Poison Magic
 * Level 5.8 Invocations


You had 2 spell levels left.
You knew the following spells:

 Your Spells              Type           Power      Damage    Failure   Level
a - Magic Dart            Conj           100%       1d8       1%          1
b - Searing Ray           Conj           100%       2d8       1%          2
c - Foxfire               Conj/Fire      100%       2x1d9     1%          1
d - Fulminant Prism       Conj/Hex       37%        3d18      1%          4
e - Mephitic Cloud        Conj/Pois/Air  58%        N/A       1%          3
f - Stone Arrow           Conj/Erth      100%       3d13      2%          3
g - Flame Wave            Conj/Fire      66%        2d15      2%          4
z - Sublimation of Blood  Necr           12%        N/A       8%          2
B - Blink                 Tloc           24%        N/A       8%          2
F - Freezing Cloud        Conj/Ice/Air   30%        6-21      12%         5

Your spell library contained the following spells:

 Spells                   Type           Power      Damage    Failure   Level
 Static Discharge         Conj/Air       60%        3-11/arc  1%          2
 Call Imp                 Summ           12%        N/A       8%          2
 Wereblood                Tmut           12%        N/A       8%          2
 Conjure Flame            Conj/Fire      66%        6-21      1%          3
 Dazzling Flash           Conj/Hex       100%       N/A       1%          3
 Inner Flame              Hex/Fire       52%        N/A       1%          3
 Portal Projectile        Hex/Tloc       76%        N/A       1%          3
 Sticky Flame             Conj/Fire      66%        2d8       2%          4
 Ignite Poison            Fire/Tmut/Pois 30%        N/A       3%          3
 Leda's Liquefaction      Hex/Erth       19%        N/A       6%          4
 Iskenderun's Mystic Bla  Conj/Tloc      52%        2d11      8%          4
 Call Canine Familiar     Summ           12%        N/A       14%         3
 Animate Armour           Summ/Erth      24%        N/A       43%         4
 Dispel Undead            Necr           12%        3d9       43%         4
 Manifold Assault         Tloc           12%        N/A       80%         5
 Storm Form               Tmut/Air       10%        N/A       100%        7
 Summon Hydra             Summ           6%         N/A       100%        7
 Lehudib's Crystal Spear  Conj/Erth      26%        10d7      100%        8

Inventory:

Hand Weapons
 D - a +3 spear of flaming
 H - a +4 whip of venom
 N - a +1 demon whip of venom
Armour
 h - a +0 pair of gloves (worn)
 i - the +1 ring mail "Vuekuas" {Will+ Str+3}
   (You found it on level 2 of the Dungeon)

   Str:       It affects your strength (+3).
   Will:      It increases your willpower.
 r - the +3 scale mail of the Viny Hot Ocelot {rElec rPois Stlth+}
   (You found it on level 3 of the Dungeon)

   rElec:     It insulates you from electricity.
   rPois:     It protects you from poison.
   Stlth:     It makes you more stealthy.
 t - a +0 robe (worn)
 y - the +2 buckler of the Wasteland {+Inv Dex+2 Stlth-}
   (You found it on level 4 of the Dungeon)

   Dex:       It affects your dexterity (+2).
   +Inv:      It lets you turn invisible.
   Stlth:     It makes you less stealthy.
 z - a +0 pair of boots (worn)
 B - a +0 helmet (worn)
 U - a +1 leather armour of cold resistance
 W - a +1 robe of cold resistance
Magical Staves
 a - a staff of conjuration (weapon) {!a}
 b - a staff of fire {!a}
 c - a staff of cold {!a}
Jewellery
 m - the ring of Propriety (right hand) {rF+ rCorr EV+4 Str+2}
   (You found it on level 10 of the Dungeon)

   [ring of evasion]

   EV:        It affects your evasion (+4).
   Str:       It affects your strength (+2).
   rF:        It protects you from fire.
   rCorr:     It protects you from acid and corrosion.
 C - a ring of ice
 E - a +4 ring of evasion
 M - a ring of magical power (left hand)
 T - an amulet of faith {!P}
 Z - a ring of wizardry
Wands
 k - a wand of quicksilver (18)
 p - a wand of paralysis (3)
 J - a wand of mindburst (14)
 O - a wand of roots (10)
Scrolls
 f - 3 scrolls of vulnerability {unknown}
 g - 2 scrolls of brand weapon {unknown}
 j - 2 scrolls of teleportation {@r2}
 o - 2 scrolls of noise {unknown}
 v - 2 scrolls of amnesia {unknown}
 x - 5 scrolls of identify {@r1}
 F - a scroll of poison {unknown}
 K - 3 scrolls of enchant weapon {unknown}
 P - a scroll of butterflies {unknown}
 R - a scroll of summoning {unknown}
 S - a scroll of magic mapping {unknown}
 V - 2 scrolls of blinking
Potions
 d - 5 potions of haste {@q3}
 e - a potion of experience {unknown}
 l - 3 potions of curing {@q1}
 n - a potion of invisibility {unknown}
 q - a potion of flight {unknown}
 s - a potion of resistance {unknown}
 u - 2 potions of ambrosia
 w - 2 potions of magic
 A - a potion of lignification {unknown}
 G - a potion of heal wounds {@q2}
 I - 2 potions of brilliance
 L - 2 potions of attraction {unknown}

Dungeon Overview and Level Annotations

Branches:
Dungeon (11/15)            Temple (1/1) D:7            Lair (1/5) D:9
    Orc: D:9-12

Altars:
Ashenzari
Cheibriados
Dithmenos
Elyvilon
Fedhas
Gozag
Hepliaklqana
Kikubaaqudgha
Makhleb
Nemelex Xobeh
Okawaru
Qazlal
Ru
Sif Muna
Trog
Uskayaw
Vehumet
Wu Jian
Xom
Yredelemnul
Zin
The Shining One

Shops:
D:5 (   D:6 :**

Annotations:
D:10 Nergalle, Snorg

*********** ,,,,,,,,,,*
,,,,,,,,*,* ########
*******,*,#######......#****
*,,,,,,,.............#,,,*
***)***,#.#######.#....#,*,*
,,,,* *,#.....o...#.#.#..#,*
*******.########@T#.#,..,*,*
*,,........#○Z☼.#**..#,*
*,*,*****#.#.☼○☼# *,.#,* *,*,*
#.##✱○.# *,,#,* *** *,*,*
#.##..○###..*,* ,,*
*,*,######.##........#,*
,****,*.............###.##,***
,,,**,*..#####.#........,,,,,*
,,,**,*,,****#.#.#....#.#*****


You could see Snorg (confused, ally target), Nergalle, a spectral orc knight
(summoned) and a friendly fulminant prism.


Message History

Snorg is moderately wounded.
Snorg is engulfed in noxious fumes.
Snorg appears confused.
Snorg chortles and stares into space.
Snorg barely misses you. Snorg completely misses you. Snorg barely misses you.
The spectral orc knight hits you with a +0 battleaxe!
* * * LOW HITPOINT WARNING * * *
You feel drained.
* * * LOW HITPOINT WARNING * * *
As you read the scroll of teleportation {@r2}, it crumbles to dust.
You feel strangely unstable.
Snorg is engulfed in noxious fumes.
Snorg appears confused.
Snorg bites you but does no damage. Snorg claws you.
* * * LOW HITPOINT WARNING * * *
Snorg barely misses you. The spectral orc knight misses you.
Casting: Stone Arrow (dangerous; 2% risk of failure)
Confirm with . or Enter, or press ? or * to list all spells.
Aiming: Mephitic Cloud (safe; 1% risk of failure)
Press: ? - help, Shift-Dir - straight line, f/p - Snorg
Aim: Snorg (noxious fumes, moderately wounded, confused, chance to affect: 62%)
Okay, then.
Casting: Mephitic Cloud (safe; 1% risk of failure)
Confirm with . or Enter, or press ? or * to list all spells.
Aiming: Fulminant Prism (dangerous; 1% risk of failure)
Press: ? - help, Dir - move target, p - Snorg You feel a surge of power!
You conjure a prism of explosive energy!
A fulminant prism comes into view.
Nergalle yells, "What are YOU looking at?"
Snorg is engulfed in noxious fumes.
Snorg appears confused.
The spectral orc knight hits you with a +0 battleaxe!!
You die...

Skill      XL: |  1  2  3  4  5  6  7  8  9 10 11 |
---------------+----------------------------------+-----
Dodging        | 3 4 6 7 |  7.2
Stealth        | 3 4 5 6 |  6.8
Spellcasting   | 4 5 6 7 8 9 |  9.5
Conjurations   | 5 6 7 8 9 |  9.0
Hexes          | 1 3 4 6 8 10 | 10.0
Poison Magic   | 2 4 5 |  5.0
Fire Magic     | 2 4 5 |  5.6
Ice Magic      | 2 4 5 |  5.8
Air Magic      | 2 3 |  3.0
Invocations    | 2 4 5 |  5.8
Shields        | 1 |  1.5

Action                   |  1- 3 |  4- 6 |  7- 9 | 10-12 || total
-------------------------+-------+-------+-------+-------++-------
Melee: Unarmed           |     2 |       |       |       ||     2
       Staff             |       |       |       |     1 ||     1
 Cast: Magic Dart        |    73 |    29 |    36 |     3 ||   141
       Foxfire           |    21 |    27 |   233 |   133 ||   414
       Searing Ray       |       |     7 |    13 |    13 ||    33
       Mephitic Cloud    |       |       |     5 |    17 ||    22
       Fulminant Prism   |       |       |    12 |    30 ||    42
       Blink             |       |       |     1 |     1 ||     2
       Stone Arrow       |       |       |       |    21 ||    21
Invok: Channel Magic     |       |       |       |     1 ||     1
Evoke: Wand              |       |       |       |     1 ||     1
  Use: Scroll            |       |     3 |       |     8 ||    11
       Potion            |       |       |       |     2 ||     2
Armor: Robe              |     1 |     3 |     7 |     5 ||    16
Dodge: Dodged            |     7 |     7 |    34 |    70 ||   118

Levels and vault maps discovered:
D:1:      heliophobic_arrival_enchanted_forest, layout_loops_ring,
          minmay_misc_feat_enclosed, minmay_tromino_v4_a
D:2:      kennysheep_big_flooded_room, layout_rooms, kennysheep_generic_room_13
D:3:      layout_loops_corners, zin_statuary, mainiacjoe_overflow_boulevard,
          mainiacjoe_overflow_six_doors_small, guppyfry_early_lair_pool,
          uniq_jessica
D:4:      layout_rooms, uniq_duvessa
D:5:      layout_cave_pools, tso_altar, nicolae_overflow_two_pavilions,
          mainiacjoe_overflow_alcove_4, serial_shops, shop,
          minmay_splitting_lines
D:6:      layout_layer_cave, serial_shops, nicolae_shop_hallway_stairs,
          nicolae_wooded_promenade, moated_statue, corexii_shack,
          minmay_pentangle, uniq_menkaure, uniq_prince_ribbit1
D:7:      layout_rooms, nemelex_dance_club_becter, mainiacjoe_overflow_alcove_2,
          minmay_temple_entry_nine_rooms
D:8:      layout_gridville, mainiacjoe_overflow_catwalk,
          nicolae_kikubaaqudgha_miasma_corner, uniq_grum
D:9:      layout_long_grid, yredelemnul_altar_generic, dpeg_oklobed_lair,
          minmay_fire_ice_demons, uniq_amaemon, uniq_joseph, uniq_harold,
          uniq_pikel
D:10:     layout_basic, hangedman_ru_absence, nicolae_gozag_seed_capital,
          uniq_psyche, uniq_fannar, uniq_snorg, uniq_nergalle
D:11:     layout_irregular_city
Temple:   nicolae_temple_bog_church
Lair:1:   layout_gridlike, serial_bayou_shore_b, grunt_megastairs_5

Notes
Turn   | Place    | Note
-------+----------+-------------------------------------------
     0 | D:1      | kingofthe the Deep Elf Conjurer began the quest for the
                  | Orb.
     0 | D:1      | Reached XP level 1. HP: 10/10 MP: 6/6
   219 | D:1      | Reached XP level 2. HP: 15/15 MP: 5/8
   222 | D:1      | Learned a level 2 spell: Searing Ray
   397 | D:1      | Reached skill level 3 in Dodging
   658 | D:1      | Reached XP level 3. HP: 19/19 MP: 6/9
  1408 | D:2      | Identified the +1 ring mail "Vuekuas" {Will+ Str+3}
  1486 | D:2      | Reached skill level 3 in Stealth
  1618 | D:2      | Learned a level 1 spell: Foxfire
  1814 | D:3      | Noticed Jessica
  1834 | D:3      | Killed Jessica
  1835 | D:3      | Reached skill level 4 in Spellcasting
  1835 | D:3      | Reached skill level 5 in Conjurations
  1835 | D:3      | Reached XP level 4. HP: 24/24 MP: 1/12
  2121 | D:3      | Found a bloodstained altar of Trog.
  2200 | D:3      | Identified the +3 scale mail of the Viny Hot Ocelot {rElec
                  | rPois Stlth+}
  2297 | D:3      | Learned a level 4 spell: Fulminant Prism
  2473 | D:3      | Found a shimmering blue altar of Sif Muna.
  2493 | D:3      | Became a worshipper of Sif Muna the Loreminder
  2530 | D:3      | Found a glowing silver altar of Zin.
  2984 | D:4      | Noticed a scorpion
  2995 | D:4      | Killed a scorpion
  2996 | D:4      | Reached skill level 1 in Hexes
  2996 | D:4      | Reached XP level 5. HP: 13/28 MP: 4/13
  3172 | D:4      | Noticed a phantom
  3180 | D:4      | Killed a phantom
  3181 | D:4      | Reached skill level 4 in Stealth
  3181 | D:4      | Reached skill level 2 in Hexes
  3271 | D:4      | Reached skill level 5 in Spellcasting
  3271 | D:4      | Reached skill level 3 in Hexes
  3271 | D:4      | Reached XP level 6. HP: 19/32 MP: 10/15
  3745 | D:4      | Reached skill level 4 in Hexes
  3918 | D:4      | Learned a level 3 spell: Mephitic Cloud
  4042 | D:4      | Reached XP level 7. HP: 36/36 MP: 11/17
  4043 | D:4      | Identified the +2 buckler of the Wasteland {+Inv Dex+2
                  | Stlth-}
  4045 | D:4      | Noticed Duvessa
  4047 | D:4      | Noticed Dowan
  4052 | D:4      | Killed Duvessa
  4053 | D:4      | Reached skill level 6 in Conjurations
  4053 | D:4      | Reached skill level 5 in Hexes
  4053 | D:4      | Reached skill level 1 in Poison Magic
  4055 | D:4      | Killed Dowan
  4380 | D:5      | Entered Level 5 of the Dungeon
  4386 | D:5      | Reached skill level 6 in Spellcasting
  4386 | D:5      | Reached skill level 2 in Poison Magic
  4433 | D:5      | Reached skill level 6 in Hexes
  4625 | D:5      | Reached XP level 8. HP: 41/41 MP: 18/19
  4743 | D:5      | Reached * piety under Sif Muna
  4831 | D:5      | Found Uheizinn's Antique Weapon Emporium.
  4904 | D:5      | Learned a level 2 spell: Sublimation of Blood
  4932 | D:5      | Found a shadowy altar of Dithmenos.
  4984 | D:5      | Found a hide-covered altar of Uskayaw.
  4984 | D:5      | Found a hazy altar of Hepliaklqana.
  5036 | D:5      | Found a glowing golden altar of the Shining One.
  5163 | D:5      | Reached skill level 7 in Hexes
  5163 | D:5      | Reached skill level 3 in Poison Magic
  5379 | D:6      | Found Rah Hec's Book Emporium.
  5451 | D:6      | Noticed Menkaure
  5464 | D:6      | Killed Menkaure
  5708 | D:6      | Reached skill level 7 in Spellcasting
  5708 | D:6      | Reached skill level 7 in Conjurations
  5708 | D:6      | Reached skill level 8 in Hexes
  5864 | D:6      | Bought an Inescapable Atlas for 374 gold pieces
  5867 | D:6      | Learned a level 2 spell: Blink
  6063 | D:6      | Found Deiwk's Assorted Antiques.
  6110 | D:6      | Noticed Prince Ribbit
  6118 | D:6      | Killed Prince Ribbit
  6119 | D:6      | Reached skill level 4 in Poison Magic
  6396 | D:6      | Found Hoerapih's General Store.
  6814 | D:7      | Reached XP level 9. HP: 45/45 MP: 21/22
  6817 | D:7      | Reached skill level 9 in Hexes
  7214 | D:7      | Reached skill level 8 in Spellcasting
  7379 | D:6      | Bought a potion of heal wounds for 50 gold pieces
  7422 | D:7      | Found a sparkling altar of Nemelex Xobeh.
  7427 | D:7      | Reached ** piety under Sif Muna
  7480 | D:7      | Reached skill level 5 in Poison Magic
  7544 | D:7      | Learned a level 3 spell: Stone Arrow
  7550 | D:7      | Learned a level 5 spell: Freezing Cloud
  7672 | D:7      | Found an ornate altar of the Wu Jian Council.
  7840 | D:7      | Reached skill level 1 in Fire Magic
  7847 | D:7      | Reached skill level 1 in Ice Magic
  7961 | D:7      | Found a staircase to the Ecumenical Temple.
  7968 | Temple   | Entered the Ecumenical Temple
  8179 | D:8      | Noticed Grum
  8180 | D:8      | Reached skill level 8 in Conjurations
  8180 | D:8      | Reached skill level 1 in Air Magic
  8180 | D:8      | Reached skill level 1 in Invocations
  8185 | D:8      | Killed Grum
  8186 | D:8      | Reached skill level 4 in Dodging
  8419 | D:8      | Found an ancient bone altar of Kikubaaqudgha.
  8528 | D:8      | Found a blossoming altar of Fedhas.
  8551 | D:8      | Reached skill level 5 in Stealth
  8551 | D:8      | Reached skill level 10 in Hexes
  8551 | D:8      | Reached skill level 2 in Invocations
  8568 | D:8      | Reached skill level 2 in Fire Magic
  8568 | D:8      | Reached skill level 2 in Ice Magic
  8961 | D:8      | Reached skill level 2 in Air Magic
  9177 | D:8      | Reached XP level 10. HP: 50/50 MP: 24/24
  9340 | D:9      | Noticed Amaemon
  9495 | D:9      | Reached skill level 3 in Invocations
  9511 | D:9      | Noticed an orange demon
  9519 | D:9      | Killed Amaemon
  9520 | D:9      | Reached skill level 5 in Dodging
  9520 | D:9      | Reached skill level 3 in Fire Magic
  9520 | D:9      | Reached skill level 3 in Ice Magic
  9529 | D:9      | Killed an orange demon
  9791 | D:9      | Reached skill level 3 in Air Magic
  9841 | D:9      | Noticed Pikel
  9844 | D:9      | Killed Pikel
  9845 | D:9      | Reached skill level 4 in Invocations
  9940 | D:9      | Noticed Harold
  9976 | D:9      | Killed Harold
  9977 | D:9      | Reached skill level 9 in Spellcasting
  9977 | D:9      | Reached skill level 4 in Fire Magic
  9977 | D:9      | Reached skill level 4 in Ice Magic
 10280 | D:9      | Found a staircase to the Lair.
 10503 | D:9      | Noticed Joseph
 10519 | D:9      | Killed Joseph
 10520 | D:9      | Reached skill level 6 in Dodging
 10520 | D:9      | Reached skill level 6 in Stealth
 10697 | D:9      | Found a basalt altar of Yredelemnul.
 10861 | Lair:1   | Entered Level 1 of the Lair of Beasts
 10966 | Lair:1   | Noticed a cane toad
 10972 | Lair:1   | Noticed a death yak
 10983 | Lair:1   | Killed a cane toad
 10984 | Lair:1   | Reached XP level 11. HP: 20/54 MP: 3/26
 11179 | D:10     | Entered Level 10 of the Dungeon
 11202 | D:10     | Noticed Fannar
 11320 | D:10     | Identified the ring of Propriety {rF+ rCorr EV+4 Str+2}
 11357 | D:10     | Found an opulent altar of Gozag.
 11506 | D:10     | Reached *** piety under Sif Muna
 11507 | D:10     | Reached skill level 5 in Invocations
 11618 | D:10     | Noticed Nergalle
 11877 | D:10     | Noticed Psyche
 11894 | D:10     | Killed Psyche
 11898 | D:10     | Reached skill level 5 in Ice Magic
 11903 | D:10     | Reached skill level 1 in Shields
 11903 | D:10     | Reached skill level 5 in Fire Magic
 12056 | D:10     | Found a sacrificial altar of Ru.
 12155 | D:10     | Noticed Snorg
 12164 | D:10     | HP: 5/54 [Snorg (4)]
 12192 | D:11     | HP: 5/54 [vampire mosquito (4)]
 12450 | D:11     | Reached skill level 7 in Dodging
 12528 | D:11     | Learned a level 4 spell: Flame Wave
 12948 | D:10     | Killed Fannar
 12949 | D:10     | Reached skill level 9 in Conjurations
 13423 | D:10     | Mangled by a spectral orc knight

Vanquished Creatures
  Fannar (D:10)
  Harold (D:9)
  Amaemon (D:9)
  Pikel (D:9)
  Joseph (D:9)
  An orange demon (D:9)
  A cane toad (Lair:1)
  Psyche (D:10)
  A komodo dragon (D:10)
  2 hornets
  Prince Ribbit (D:6)
  A shadow (D:11)
  4 yaks (D:10)
  A wraith (D:10)
  Grum (D:8)
  11 vampire mosquitoes (D:11)
  Menkaure (D:6)
  2 steam dragons (D:7)
  Duvessa (D:4)
  An acid dragon (D:10)
  4 water moccasins
  4 orc warriors
  2 sky beasts (D:7)
  An ice beast (D:6)
  A black bear (D:7)
  A centaur (D:10)
  8 wolves
  4 ogres
  3 lemures (D:9)
  2 phantoms (D:4)
  A necrophage (D:5)
  3 bullfrogs
  2 gnoll sergeants
  7 scorpions
  Dowan (D:4)
  3 killer bees (D:7)
  3 howler monkeys
  A crimson imp (D:9)
  2 hounds (D:5)
  A jelly (D:6)
  A gnoll bouda (D:8)
  3 orc priests
  Jessica (D:3)
  3 orc wizards (D:9)
  3 iguanas
  14 gnolls
  4 adders
  A shadow imp (D:8)
  3 white imps
  An ufetubus (D:7)
  2 worms (D:2)
  4 dart slugs
  29 orcs
  9 endoplasms
  A giant cockroach (D:1)
  9 goblins
  5 hobgoblins
  4 jackals (D:3)
  4 quokkas
  10 ball pythons
  3 bats
  4 frilled lizards (D:1)
  10 kobolds
  2 rats
  A foxfire (D:6)
  A fulminant prism (D:9)
221 creatures vanquished.

Vanquished Creatures (collateral kills)
  3 foxfires (Lair:1)
3 creatures vanquished.

Vanquished Creatures (others)
  706 foxfires
  40 fulminant prisms
  5 fungi
  8 plants
  4 withered plants (D:9)
763 creatures vanquished.

Grand Total: 987 creatures vanquished

Table legend: (Time is in decaauts)
 A = Elapsed time spent in this place.
 B = Non-inter-level travel time spent in this place.
 C = Inter-level travel time spent in this place.
 D = Time resting spent in this place.
 E = Time spent auto-exploring this place.
 F = Levels seen in this place.
 G = Mean time per level.
                   A        B        C        D        E       F      G
               +--------+--------+--------+--------+--------+-----+--------+
         Total |  13429 |  12594 |    835 |   2129 |   8377 |  13 | 1033.0 |
       Dungeon |  13114 |  12289 |    825 |   2129 |   8150 |  11 | 1192.2 |
        Temple |    165 |    156 |      9 |      0 |    145 |   1 |  165.0 |
          Lair |    149 |    149 |      0 |      0 |     82 |   1 |  149.0 |
               +--------+--------+--------+--------+--------+-----+--------+

Top non-repeatable levels by time:
     D:9: 1776 daAuts
    D:10: 1657 daAuts
     D:6: 1486 daAuts
     D:4: 1393 daAuts
     D:8: 1253 daAuts
     D:3: 1186 daAuts
     D:7: 1143 daAuts
     D:1: 1116 daAuts
     D:5: 998 daAuts
     D:2: 681 daAuts
    D:11: 420 daAuts
  Temple: 165 daAuts
  Lair:1: 149 daAuts

Table legend:
 A = Non-vault XP
 B = Vault XP
 C = Vault XP percentage of total XP
 D = Non-vault monster count
 E = Vault monster count
 F = Vault count percentage of total count
                 A         B        C        D         E       F
            +---------+---------+-------+---------+---------+-------
      Total |    9468 |    6923 |  42.2 |     177 |      39 |  18.1
            +---------+---------+-------+---------+---------+-------
        D:1 |      46 |       6 |  11.5 |      27 |       4 |  12.9
        D:2 |      34 |       7 |  17.1 |      10 |       3 |  23.1
        D:3 |      36 |      37 |  50.7 |      15 |       1 |   6.2
        D:4 |     691 |     213 |  23.6 |      19 |       2 |   9.5
        D:5 |     603 |       0 |   0.0 |      18 |       0 |   0.0
        D:6 |     155 |     836 |  84.4 |       3 |       9 |  75.0
        D:7 |    1362 |     123 |   8.3 |      23 |       2 |   8.0
        D:8 |    1042 |     438 |  29.6 |      16 |       3 |  15.8
        D:9 |     864 |    3292 |  79.2 |      20 |       7 |  25.9
       D:10 |    1797 |    1270 |  41.4 |      11 |       2 |  15.4
       D:11 |    2197 |       0 |   0.0 |      12 |       0 |   0.0
     Lair:1 |     641 |     701 |  52.2 |       3 |       6 |  66.7
            +---------+---------+-------+---------+---------+-------
